 Dungeon Crawl Stone Soup version 0.29-a0-418-gc0181ea820 (webtiles) character file.

Game seed: 4852828323814916487

9439 jlumianski the Basher (level 11, -6/74 HPs)
             Began as a Demonspawn Fighter on May 16, 2022.
             Was a Follower of Hepliaklqana.
             Incinerated by a smoke demon (7 damage)
             ... with a sticky flame
             ... on level 2 of the Abyss on May 18, 2022.
             The game lasted 00:45:37 (10170 turns).

jlumianski the Basher (Demonspawn Fighter)         Turns: 10170, Time: 00:45:38

Health: -6/74      AC: 16    Str: 21    XL:     11   Next: 23%
Magic:  11/11      EV: 14    Int: 17    God:    Hepliaklqana [*.....]
Gold:   576        SH:  5    Dex: 14    Spells: 10/10 levels left

rFire   . . .      SeeInvis .   o - +7 flail "Luloagg" {freeze, Fly rC- Int+7 Dex-4}
rCold   x . .      Faith    .   c - +0 buckler
rNeg    . . .      Spirit   .   B - +4 scale mail
rPois   .          Reflect  .   (helmet unavailable)
rElec   .          Harm     .   C - scarf {+Inv}
rCorr   .          Rampage  .   D - +1 pair of gloves
Will    .....                   E - +1 pair of boots
Stlth   +.........              Z - amulet of the acrobat
HPRegen 0.22/turn               s - +4 ring of evasion
MPRegen 0.12/turn               M - +6 ring of dexterity

@: on fire, flying, glowing
A: reduced essence, claws 1, hooves 2, horns 3, powered by death 2, demonic
magic 1
a: Renounce Religion, Evoke Invisibility, Recall Ancestor, Ancestor Identity


You were on level 2 of the Abyss.
You worshipped Hepliaklqana.
Hepliaklqana was aware of your devotion.
You visited 2 branches of the dungeon, and saw 11 of its levels.
You visited the Abyss 1 time.

You collected 602 gold pieces.
You spent 26 gold pieces at shops.

Inventory:

Hand Weapons
 o - the +7 flail "Luloagg" (weapon) {freeze, Fly rC- Int+7 Dex-4}
   (You found it on level 2 of the Dungeon)

   It freezes those it strikes, dealing additional cold damage.
   It can also slow down cold-blooded creatures.
   Int:       It affects your intelligence (+7).
   Dex:       It affects your dexterity (-4).
   rC:        It makes you vulnerable to cold.
   Fly:       It grants you flight.
 W - a +0 hand crossbow
Missiles
 k - 334 stones
 q - 23 poisoned darts (quivered)
 y - 2 boomerangs
 Y - 4 curare-tipped darts
Armour
 c - a +0 buckler (worn)
 B - a +4 scale mail (worn)
 C - a scarf of invisibility (worn)
 D - a +1 pair of gloves (worn)
 E - a +1 pair of boots (worn)
Jewellery
 e - an amulet of guardian spirit
 s - a +4 ring of evasion (left hand)
 M - a +6 ring of dexterity (right hand)
 Z - an amulet of the acrobat (around neck)
Wands
 r - a wand of paralysis (7)
 x - a wand of iceblast (3)
 F - a wand of acid (22)
 I - a wand of flame (15)
 N - a wand of digging (5)
 U - a wand of polymorph (2)
Scrolls
 b - a scroll of magic mapping {unknown}
 f - 2 scrolls of silence
 g - a scroll of immolation
 l - 3 scrolls of enchant weapon
 t - 3 scrolls of teleportation
 J - a scroll of amnesia
 T - a scroll of fear
Potions
 a - a potion of magic
 d - 2 potions of might
 n - 2 potions of curing
 p - a potion of lignification
 H - a potion of invisibility
 L - a potion of resistance
 P - a potion of mutation {unknown}
 Q - a potion of ambrosia {unknown}
 S - a potion of brilliance {unknown}


   Skills:
 + Level 6.8 Fighting
 + Level 3.5(7.2) Axes
 + Level 9.8(10.1) Maces & Flails
 + Level 2.2 Throwing
 + Level 7.3 Armour
 + Level 2.9 Dodging
 + Level 2.0 Stealth
 + Level 5.0 Shields
 * Level 6.7 Evocations


You had 10 spell levels left.
You didn't know any spells.
Your spell library contained the following spells:

 Spells                   Type           Power      Damage    Failure   Level
 Freeze                   Ice            0%         1d3       58%         1
 Magic Dart               Conj           0%         1d3       58%         1
 Blink                    Tloc           0%         N/A       75%         2
 Call Imp                 Summ           0%         N/A       75%         2
 Frozen Ramparts          Ice            0%         1d2       92%         3
 Lesser Beckoning         Tloc           0%         N/A       92%         3
 Mephitic Cloud           Conj/Pois/Air  0%         N/A       92%         3
 Hailstorm                Conj/Ice       0%         3d3       100%        4
 Ice Form                 Ice/Tmut       0%         N/A       100%        4
 Manifold Assault         Tloc           0%         N/A       100%        5
 Simulacrum               Ice/Necr       0%         N/A       100%        6


Dungeon Overview and Level Annotations

Branches:
Dungeon (10/15)            Temple (1/1) D:5            Lair (0/6) D:9
    Orc: D:9-12

Altars:
Ashenzari
Cheibriados
Dithmenos
Elyvilon
Fedhas
Gozag
Hepliaklqana
Kikubaaqudgha
Makhleb
Nemelex Xobeh
Okawaru
Qazlal
Ru
Sif Muna
Trog
Uskayaw
Vehumet
Wu Jian
Xom
Yredelemnul
Zin
The Shining One

Shops:
D:2 =*

Annotations:
D:5 1 runed translucent door, SkeletonJelly's ghost, novice DrMo
D:10 Sonja


Innate Abilities, Weirdness & Mutations

Your life essence is reduced to manifest your ancestor. (-10% HP)
You have sharp fingernails.
You have hoof-like feet.
You have a pair of large horns on your head.
You regenerate health from kills.
Spells you cast may paralyse adjacent enemies.


Message History

A small abomination comes into view.
The large abomination completely misses you.
The reaper hits you but does no damage.
The reaper draws a finger across its throat.
The reaper barely misses you.
You closely miss the reaper. Your headbutt misses the reaper.
You barely miss the reaper. You block the reaper's attack.
You barely miss the reaper. Your headbutt misses the reaper.
The reaper hits you with a +1 scythe of protection.
A smoke demon comes into view.
The smoke demon roars!
You hit the reaper but do no damage.
The reaper hits you with a +1 scythe of protection!!
You thump the reaper! You freeze the reaper.
The reaper is lightly wounded.
The reaper barely misses you.
You barely miss the reaper. Your headbutt misses the reaper.
The reaper is lightly wounded.
The reaper hits you with a +1 scythe of protection!!
* * * LOW HITPOINT WARNING * * *
You hit the reaper but do no damage.
You headbutt the reaper, but do no damage.
The reaper is lightly wounded.
The reaper hits you with a +1 scythe of protection.
* * * LOW HITPOINT WARNING * * *
You hit the reaper but do no damage.
You headbutt the reaper, but do no damage.
The reaper is lightly wounded.
The reaper completely misses you.
You closely miss the reaper.
The reaper is lightly wounded.
The reaper completely misses you. The smoke demon gestures at you.
The sticky flame hits you but does no damage.
You are covered in liquid flames!
You sock the reaper!
You headbutt the reaper, but do no damage.
The reaper is moderately wounded.
You are covered in liquid flames!
You die...

##...# ...# #.#
###.#.####...#..##
#.##. ....# ..#..#
...## .# #.. .# #
.... ##...#.....#
....#..#.##X#
.####...
....#.3#.#. ##.# ##
#.....#..#.##..
#....@#2.... #.
#.####2#..#.##.....
##X........##. #
..#.#... . #
..##..... ..##
.#### ... .# .### .


You could see a reaper, a large abomination and a smoke demon.

Vanquished Creatures
  Erica (D:9)
  A two-headed ogre (D:9)
  2 komodo dragons (D:9)
  A hornet (D:9)
  7 spriggans (D:8)
  A wraith (D:8)
  11 yaks
  Grum (D:8)
  A basilisk (D:9)
  3 steam dragons
  An acid dragon (D:9)
  3 water moccasins
  2 ice beasts
  4 orc warriors
  2 black bears (D:4)
  2 centaurs
  An ogre (D:5)
  3 wolves (D:8)
  2 phantoms
  3 kobold brigands
  5 bullfrogs
  A necrophage (D:8)
  3 scorpions
  8 killer bees (D:8)
  A howler monkey (D:7)
  2 hounds
  A jelly (D:6)
  2 gnoll shamans
  4 orc priests
  Jessica (D:3)
  3 iguanas
  8 orc wizards
  8 adders
  4 gnolls (D:8)
  A shadow imp (D:8)
  A white imp (D:8)
  An ufetubus (D:5)
  3 worms
  A dart slug (D:5)
  35 orcs
  2 endoplasms
  2 giant cockroaches
  7 goblins
  5 ball pythons
  3 bats
  2 frilled lizards
  11 kobolds
  5 rats
182 creatures vanquished.

Vanquished Creatures (collateral kills)
  2 basilisks (D:9)
  A killer bee (D:8)
  An orc wizard (D:10)
  An orc (D:4)
5 creatures vanquished.

Vanquished Creatures (others)
  6 ancestors
  2 orc wizards
  A plant (D:2)
9 creatures vanquished.

Grand Total: 196 creatures vanquished

Notes
Turn   | Place    | Note
-------+----------+-------------------------------------------
     0 | D:1      | jlumianski the Demonspawn Fighter began the quest for the
                  | Orb.
     0 | D:1      | Reached XP level 1. HP: 18/18 MP: 1/1
   475 | D:1      | Discovered your monstrous ancestry.
   475 | D:1      | Gained mutation: You have a pair of small horns on your
                  | head. [demonic ancestry]
   475 | D:1      | Reached XP level 2. HP: 24/24 MP: 2/2
  1616 | D:2      | Gained mutation: You regenerate a little health from kills.
                  | [demonic ancestry]
  1616 | D:2      | Reached XP level 3. HP: 20/29 MP: 3/3
  1616 | D:2      | Found Myruuke's General Store.
  1638 | D:2      | Bought a scroll of identify for 26 gold pieces
  1729 | D:2      | Found a faded altar of an unknown god.
  1734 | D:2      | Found Ammovexa's Jewellery Boutique.
  1877 | D:2      | Identified the +7 flail "Luloagg" {freeze, Fly rC- Int+7
                  | Dex-4}
  2343 | D:3      | Noticed Jessica
  2349 | D:3      | Killed Jessica
  2350 | D:3      | Gained mutation: You regenerate health from kills. [demonic
                  | ancestry]
  2350 | D:3      | Reached XP level 4. HP: 35/35 MP: 4/4
  2423 | D:3      | Found a bloodstained altar of Trog.
  2768 | D:4      | Noticed a scorpion
  2775 | D:4      | Killed a scorpion
  2776 | D:4      | Gained mutation: You have large cloven feet. [demonic
                  | ancestry]
  2776 | D:4      | Reached XP level 5. HP: 41/41 MP: 5/5
  2803 | D:4      | Reached skill level 1 in Maces & Flails
  2849 | D:4      | You are sucked into a shaft and drop 3 floors!
  2941 | D:6      | Reached skill level 2 in Maces & Flails
  2941 | D:6      | Gained mutation: You have hoof-like feet. [demonic
                  | ancestry]
  2941 | D:6      | Reached XP level 6. HP: 47/47 MP: 6/6
  3242 | D:6      | Reached skill level 1 in Throwing
  3288 | D:6      | Noticed an ice beast
  3298 | D:6      | Killed an ice beast
  3299 | D:6      | Reached skill level 3 in Maces & Flails
  3299 | D:6      | Gained mutation: You have sharp fingernails. [demonic
                  | ancestry]
  3299 | D:6      | Reached XP level 7. HP: 15/53 MP: 1/7
  3599 | D:6      | Reached skill level 4 in Maces & Flails
  3780 | D:5      | Entered Level 5 of the Dungeon
  4203 | D:4      | Reached skill level 1 in Evocations
  4203 | D:4      | Reached XP level 8. HP: 51/60 MP: 8/8
  4285 | D:4      | Reached skill level 5 in Armour
  4422 | D:4      | Reached skill level 5 in Maces & Flails
  4437 | D:4      | Found a burning altar of Makhleb.
  4791 | D:5      | Found a runed translucent door.
  4791 | D:5      | Noticed SkeletonJelly's ghost (novice DrMo)
  4834 | D:5      | Found a staircase to the Ecumenical Temple.
  4854 | Temple   | Entered the Ecumenical Temple
  5030 | Temple   | Became a worshipper of Hepliaklqana the Forgotten
  5072 | Temple   | Reached skill level 1 in Dodging
  5632 | D:7      | Reached skill level 6 in Maces & Flails
  5657 | D:7      | Found a stormy altar of Qazlal.
  5670 | D:7      | Found a sparkling altar of Nemelex Xobeh.
  6022 | D:7      | Gained mutation: Spells you cast may paralyse adjacent
                  | enemies. [demonic ancestry]
  6022 | D:7      | Reached XP level 9. HP: 67/67 MP: 9/9
  6056 | D:7      | Reached skill level 5 in Fighting
  6303 | D:8      | Reached skill level 7 in Maces & Flails
  6315 | D:8      | Noticed Grum
  6755 | D:8      | Reached skill level 8 in Maces & Flails
  6755 | D:8      | Gained mutation: You have a pair of horns on your head.
                  | [demonic ancestry]
  6755 | D:8      | Reached XP level 10. HP: 56/76 MP: 7/10
  6821 | D:8      | Reached skill level 5 in Evocations
  6834 | D:8      | Reached * piety under Hepliaklqana
  6869 | D:8      | Found a sacrificial altar of Ru.
  7418 | D:8      | Killed Grum
  7949 | D:9      | Noticed Erica
  8056 | D:9      | Killed Erica
  8192 | D:9      | Reached skill level 9 in Maces & Flails
  8197 | D:9      | Reached skill level 1 in Stealth
  8265 | D:9      | Found a broken altar of Ashenzari.
  8590 | D:9      | Noticed a two-headed ogre
  8598 | D:9      | Killed a two-headed ogre
  8981 | D:9      | Gained mutation: You have a pair of large horns on your
                  | head. [demonic ancestry]
  8981 | D:9      | Reached XP level 11. HP: 61/74 MP: 9/11
  9012 | D:9      | Found a staircase to the Lair.
  9033 | D:9      | Reached skill level 5 in Shields
  9362 | D:10     | Entered Level 10 of the Dungeon
  9895 | D:9      | Paralysed by a hornet for 2 turns
  9899 | D:9      | Upgraded the game from 0.29-a0-416-g83a48905f1 to
                  | 0.29-a0-418-gc0181ea820
 10100 | D:10     | Noticed Sonja
 10110 | D:10     | Cast into level 2 of the Abyss (Sonja)
 10145 | Abyss:2  | Noticed a reaper
 10167 | Abyss:2  | HP: 1/74 [reaper/+1 scythe of protection (6)]
 10170 | Abyss:2  | Incinerated by a smoke demon

Illustrated notes

Levels and vault maps discovered:
D:1:      saegor_arrival_fortress, layout_basic
D:2:      layout_basic, serial_shops, shop, nicolae_shop_hallway_plus,
          shapermc_ecumenical_altar_mp_ritualfount, roderic_lattice_a,
          grunt_decor_arrowhead, minmay_misc_feat_roman
D:3:      layout_rooms, amcnicky_altar_gilded, uniq_jessica
D:4:      minmay_angry_zag, layout_loops_ring, mainiacjoe_overflow_alcove_1,
          cheibrodos_sewer_entry_bend, serial_glass, glass_columns_a,
          glass_columns_a, glass_columns_b, glass_columns_b, glass_columns_a,
          glass_columns_c, glass_columns_b, glass_columns_a
D:5:      layout_rooms, tso_altar, temple_fountains, gammafunk_ghost_grave,
          kb_lookout_dungeons_type, nicolae_shop_sticking_my_neck_out
D:6:      layout_loops_cross, roderic_roman_lattice, minmay_parallelograms
D:7:      layout_basic, nicolae_overflow_crystal_walls, kennysheep_mini,
          elyvilon_altar_4, minmay_misc_feat_enclosed
D:8:      kb_forest_paths, layout_loops_ring, hangedman_ru_absence, uniq_grum
D:9:      layout_basic, lemuel_doored_altar, erik_lair_dragon, uniq_erica
D:10:     layout_irregular_city, st_stairs_2, uniq_maurice, uniq_sonja
Temple:   jpeg_temple_clearing
Abyss:2:  base:
Sewer

Skill      XL: |  1  2  3  4  5  6  7  8  9 10 11 |
---------------+----------------------------------+-----
Shields        | 3 4 5 |  5.0
Axes           | 2 3 |  3.5
Armour         | 3 4 5 6 7 |  7.3
Maces & Flails | 2 3 4 6 8 9 |  9.8
Throwing       | 1 2 |  2.2
Fighting       | 4 5 6 |  6.8
Evocations     | 1 3 4 6 |  6.7
Dodging        | 1 2 |  2.9
Stealth        | 1 2 |  2.0

Action                   |  1- 3 |  4- 6 |  7- 9 | 10-12 || total
-------------------------+-------+-------+-------+-------++-------
Melee: War axe           |    61 |       |       |       ||    61
       Headbutt          |     6 |     8 |    50 |    31 ||    95
       Flail             |    10 |    71 |   274 |   195 ||   550
       Kick              |       |     8 |     5 |       ||    13
Throw: Stone             |     7 |       |       |       ||     7
       Dart              |       |     2 |     8 |     3 ||    13
Invok: Recall Ancestor   |       |       |       |     1 ||     1
  Use: Scroll            |     4 |     5 |     8 |     4 ||    21
       Potion            |       |     1 |     1 |     1 ||     3
 Stab: Distracted        |       |       |       |     3 ||     3
Armor: Plate armour      |    61 |    24 |    30 |       ||   115
       Scale mail        |     3 |       |   119 |    71 ||   193
Dodge: Dodged            |    13 |    44 |   176 |   123 ||   356
Block: Buckler           |    11 |    12 |    64 |    52 ||   139

Table legend: (Time is in decaauts)
 A = Elapsed time spent in this place.
 B = Non-inter-level travel time spent in this place.
 C = Inter-level travel time spent in this place.
 D = Time resting spent in this place.
 E = Time spent auto-exploring this place.
 F = Levels seen in this place.
 G = Mean time per level.
                   A        B        C        D        E       F      G
               +--------+--------+--------+--------+--------+-----+--------+
         Total |  10292 |  10087 |    205 |    959 |   5700 |  12 |  857.7 |
       Dungeon |   9973 |   9768 |    205 |    959 |   5581 |  10 |  997.3 |
        Temple |    260 |    260 |      0 |      0 |    119 |   1 |  260.0 |
         Abyss |     58 |     58 |      0 |      0 |      0 |   1 |   58.0 |
               +--------+--------+--------+--------+--------+-----+--------+

Top non-repeatable levels by time:
     D:9: 2306 daAuts
     D:8: 1320 daAuts
     D:1: 1152 daAuts
     D:4: 1114 daAuts
     D:6: 1106 daAuts
     D:2: 1054 daAuts
     D:7: 865 daAuts
     D:3: 471 daAuts
    D:10: 304 daAuts
     D:5: 278 daAuts
  Temple: 260 daAuts
 Abyss:2: 58 daAuts
